 Dungeon Crawl Stone Soup version 0.30-a0-390-g80c34de65d (webtiles) character file.

Game seed: 2978937877019189120

102 p00ps00p the Trooper (level 4, -3/41 HPs)
             Began as a Hill Orc Fighter on Dec 5, 2022.
             Slain by Natasha (8 damage)
             ... on level 2 of the Dungeon.
             The game lasted 00:01:24 (1894 turns).

p00ps00p the Trooper (Hill Orc Fighter)             Turns: 1894, Time: 00:01:25

Health: -3/41      AC:  7    Str: 20    XL:     4   Next: 77%
Magic:  4/4        EV:  9    Int:  8    God:
Gold:   78         SH:  4    Dex: 10    Spells: 3/3 levels left

rFire   . . .      SeeInvis .    a - +0 war axe
rCold   . . .      Faith    .    c - +0 buckler
rNeg    . . .      Spirit   .    b - +0 scale mail
rPois   .          Reflect  .    (no helmet)
rElec   .          Harm     .    (no cloak)
rCorr   .          Rampage  .    (no gloves)
Will    .....                    (no boots)
Stlth   ..........               (no amulet)
HPRegen 0.26/turn                (no ring)
MPRegen 0.09/turn                (no ring)

@: no status effects
A: no striking features
a: no special abilities


You were on level 2 of the Dungeon.
You visited 1 branch of the dungeon, and saw 2 of its levels.

You collected 78 gold pieces.

Inventory:

Hand Weapons
 a - a +0 war axe (weapon)
Missiles
 t - 2 poisoned darts (quivered)
Armour
 b - a +0 scale mail (worn)
 c - a +0 buckler (worn)
Wands
 l - a wand of mindburst (14)
 o - a wand of flame (29)
Scrolls
 e - a scroll of immolation {unknown}
 f - a scroll of noise {unknown}
 i - a scroll of butterflies {unknown}
 j - 2 scrolls of teleportation {unknown}
 n - a scroll of enchant armour {unknown}
 p - 2 scrolls of identify {unknown}
Potions
 d - 2 potions of might
 g - 3 potions of curing {unknown}
 h - a potion of berserk rage {unknown}
 k - a potion of brilliance {unknown}
 m - a potion of lignification {unknown}
 q - a potion of mutation {unknown}
 r - a potion of magic {unknown}
 s - a potion of heal wounds {unknown}


   Skills:
 + Level 4.4 Fighting
 + Level 3.9 Axes
 + Level 4.1 Armour
 + Level 4.1 Shields


You had 3 spell levels left.
You didn't know any spells.
Your spell library contained the following spells:

 Spells                   Type           Power      Damage    Failure   Level
 Frozen Ramparts          Ice            0%         1d1       99%         3
 Inner Flame              Hex/Fire       0%         N/A       99%         3
 Cause Fear               Hex            0%         N/A       100%        4
 Ice Form                 Ice/Tmut       0%         N/A       100%        4
 Summon Ice Beast         Ice/Summ       0%         N/A       100%        4
 Discord                  Hex            0%         N/A       100%        8


Dungeon Overview and Level Annotations

Branches:
Dungeon (2/15)

Altars:

Annotations:
D:2 Natasha


Message History

You hit the crimson imp. The crimson imp closely misses you.
Natasha claws you but does no damage. You block the crimson imp's attack.
Natasha barely misses you.
You hit Natasha.
Natasha is severely wounded.
You miss the crimson imp.
The crimson imp blinks!
Natasha barely misses you.
The crimson imp blinks!
Natasha claws you!
You hit Natasha.
Natasha is almost dead.
You closely miss the crimson imp.
The crimson imp blinks!
Natasha stares at you and mumbles some strange words.
The magic dart hits you but does no damage.
You closely miss Natasha.
Natasha is almost dead.
You hit the crimson imp but do no damage.
Natasha claws you.
The crimson imp hits you but does no damage.
Natasha claws you. The crimson imp misses you.
You closely miss Natasha.
Natasha is almost dead.
You slash the crimson imp!
You feel yourself speed up. Natasha misses you.
You block the crimson imp's attack. Natasha claws you!
The crimson imp closely misses you.
You are too injured to fight recklessly!
Unknown command.
You are too injured to fight recklessly!
Unknown command.
You are too injured to fight recklessly!
Unknown command.
You are too injured to fight recklessly!
You hit the crimson imp but do no damage.
The crimson imp is heavily wounded.
You closely miss Natasha. Natasha claws you!
* * * LOW HITPOINT WARNING * * *
The crimson imp shouts, "Crawl home, thou mewling tickle-brained bloater!"
The crimson imp hits you.
* * * LOW HITPOINT WARNING * * *
Natasha claws you!
You die...

#.# #............# #......
#.#
#......#.....#######......
#.#
#......#..[...............
#.#
#......##################.
#.#
####...###############....
#.#
##.....................
#.# #.#.........######....
#.# #...h.................
#.# #...5@......######....
#.# #...........# #####
#.# #...........# #.#
#..####.....# #.# #..#
#.....# #.# #..# #?....#
#.# #..# ####### #.# #..#
#### #.# #..# #...


You could see Natasha and a crimson imp (summoned).

Vanquished Creatures
  Jessica (D:2)
  Natasha (D:2)
  An adder (D:2)
  3 worms (D:2)
  A dart slug (D:1)
  A ball python (D:2)
  2 bats
  2 endoplasms
  A giant cockroach (D:1)
  2 hobgoblins
  4 jackals (D:2)
  A quokka (D:1)
  4 frilled lizards
  4 goblins
  2 kobolds
  2 rats (D:1)
32 creatures vanquished.

Notes
Turn   | Place    | Note
-------+----------+-------------------------------------------
     0 | D:1      | p00ps00p the Hill Orc Fighter began the quest for the Orb.
     0 | D:1      | Reached XP level 1. HP: 19/19 MP: 1/1
   111 | D:1      | Reached XP level 2. HP: 18/27 MP: 2/2
  1002 | D:2      | Reached XP level 3. HP: 29/33 MP: 3/3
  1075 | D:2      | Noticed Jessica
  1078 | D:2      | Killed Jessica
  1123 | D:2      | Reached XP level 4. HP: 37/40 MP: 4/4
  1278 | D:2      | Found a faded altar of an unknown god.
  1778 | D:2      | Noticed Natasha
  1784 | D:2      | Killed Natasha
  1875 | D:2      | Noticed Natasha
  1894 | D:2      | Slain by Natasha

Illustrated notes

Levels and vault maps discovered:
D:1:      dpeg_arrival_arbitrary_b, layout_basic, dk_noncrumbling_2,
          kennysheep_flooded_box
D:2:      layout_basic, hellmonk_ecumenical_altar_leap_of_faith,
          chequers_decorated_corner, uniq_natasha, uniq_jessica

Skill      XL: |  1  2  3  4 |
---------------+-------------+-----
Axes           | 3 |  3.9
Fighting       | 4 |  4.4
Shields        | 4 |  4.1
Armour         | 4 |  4.1

Action                   |  1- 3 |  4- 6 || total
-------------------------+-------+-------++-------
Melee: War axe           |    71 |    47 ||   118
Armor: Scale mail        |    38 |    19 ||    57
Dodge: Dodged            |    31 |    26 ||    57
Block: Buckler           |    21 |    15 ||    36

Table legend: (Time is in decaauts)
 A = Elapsed time spent in this place.
 B = Non-inter-level travel time spent in this place.
 C = Inter-level travel time spent in this place.
 D = Time resting spent in this place.
 E = Time spent auto-exploring this place.
 F = Levels seen in this place.
 G = Mean time per level.
                   A        B        C        D        E       F      G
               +--------+--------+--------+--------+--------+-----+--------+
         Total |   1945 |   1918 |     27 |      0 |   1626 |   2 |  972.5 |
       Dungeon |   1945 |   1918 |     27 |      0 |   1626 |   2 |  972.5 |
               +--------+--------+--------+--------+--------+-----+--------+

Top non-repeatable levels by time:
     D:2: 1048 daAuts
     D:1: 897 daAuts
